 Dungeon Crawl Stone Soup version 0.29-a0-575-g0dc89cf053 (webtiles) character file.

Game seed: 11173233932585756973

0 DocClef the Covert (level 1, -1/23 HPs)
             Began as a Gnoll Delver on June 12, 2022.
             Slain by an orc
             ... wielding a +0 dagger of speed
              (2 damage)
             ... on level 5 of the Dungeon.
             The game lasted 00:00:06 (23 turns).

DocClef the Covert (Gnoll Delver)                     Turns: 23, Time: 00:00:07

Health: -1/23      AC:  3    Str: 11    XL:     1   Next: 0%
Magic:  1/1        EV: 13    Int:  9    God:
Gold:   0          SH:  0    Dex: 13    Spells: 0/0 levels left

rFire   . . .      SeeInvis .   a - +0 short sword
rCold   . . .      Faith    .   (no shield)
rNeg    . . .      Spirit   .   b - +0 leather armour
rPois   .          Reflect  .   (no helmet)
rElec   .          Harm     .   (no cloak)
rCorr   .          Rampage  .   (no gloves)
Will    .....                   (no boots)
Stlth   ++++......              (no amulet)
HPRegen 0.07/turn               (no ring)
MPRegen 0.07/turn               (no ring)

@: no status effects
A: fangs 1, strong nose, distributed training
a: no special abilities


You were on level 5 of the Dungeon.
You visited 1 branch of the dungeon, and saw 1 of its levels.

Inventory:

Hand Weapons
 a - a +0 short sword (weapon)
Armour
 b - a +0 leather armour (worn)
Wands
 g - a wand of digging (3)
Scrolls
 c - a scroll of fog
 d - a scroll of magic mapping
 e - a scroll of fear
Potions
 f - a potion of haste


   Skills:
 + Level 6.4 Fighting
 + Level 4.4 Short Blades
 + Level 0.0 Long Blades
 + Level 0.0 Axes
 + Level 0.0 Maces & Flails
 + Level 0.0 Polearms
 + Level 0.0 Staves
 + Level 0.0 Slings
 + Level 0.0 Bows
 + Level 0.0 Crossbows
 + Level 0.0 Throwing
 + Level 0.0 Armour
 + Level 4.4 Dodging
 + Level 9.5 Stealth
 + Level 0.0 Shields
 + Level 0.0 Unarmed Combat
 + Level 0.0 Spellcasting
 + Level 0.0 Conjurations
 + Level 0.0 Hexes
 + Level 0.0 Summonings
 + Level 0.0 Necromancy
 + Level 0.0 Translocations
 + Level 0.0 Transmutations
 + Level 0.0 Fire Magic
 + Level 0.0 Ice Magic
 + Level 0.0 Air Magic
 + Level 0.0 Earth Magic
 + Level 0.0 Poison Magic
 + Level 0.0 Invocations
 + Level 0.0 Evocations


You couldn't memorise any spells.
You didn't know any spells.
Your spell library was empty.

Dungeon Overview and Level Annotations

Branches:
Dungeon (5/15)
 Temple: D:4-7

Altars:


Innate Abilities, Weirdness & Mutations

You have very sharp teeth.
Your uncanny sense of smell can sniff out nearby items.
Your experience applies equally to all skills.


Message History

The orc is moderately wounded.
You barely miss the orc.
The orc is moderately wounded.
The orc hits you with a +0 vorpal hand axe.
You hit the orc.
The orc is severely wounded.
The orc misses you.
You hit the orc but do no damage.
The orc is severely wounded.
The orc misses you.
You closely miss the orc.
The orc is severely wounded.
The orc hits you with a +0 dagger of speed.
The orc hits you but does no damage.
You hit the orc but do no damage. You bite the orc, but do no damage.
The orc is severely wounded.
The orc barely misses you. x2
You hit the orc but do no damage.
The orc is severely wounded.
The orc misses you.
The orc hits you with a +0 vorpal hand axe.
An ice beast comes into view.
The orc barely misses you.
You hit the orc but do no damage.
The orc is severely wounded.
The orc misses you.
You hit the orc but do no damage.
The orc is severely wounded.
The orc hits you with a +0 vorpal hand axe.
* * * LOW HITPOINT WARNING * * *
x2 The orc hits you with a +0 dagger of speed.
* * * LOW HITPOINT WARNING * * *
You hit the orc but do no damage.
The orc is severely wounded.
The orc closely misses you. x2
Unknown command.
You hit the orc.
You kill the orc!
The orc hits you with a +0 dagger of speed.
You die...

##..##.##....###>.##
...................+
..................#
..................#
..##....##.##+####
#####..$.##.##.
................
.........≈≈≈.... ∆
........@.≈.....
.......o).......≈
...............≈≈.
##..####..##≈#.≈ ##'
#Y.# ≈# . . .... ≈
.... . .....


You could see an ice beast and an orc.

Vanquished Creatures
  An orc (D:5)
1 creature vanquished.

Notes
Turn   | Place    | Note
-------+----------+-------------------------------------------
     0 | D:5      | Reached skill level 9 in Stealth
     0 | D:5      | DocClef the Gnoll Delver began the quest for the Orb.
     0 | D:5      | Reached XP level 1. HP: 23/23 MP: 1/1
    19 | D:5      | Noticed an ice beast
    21 | D:5      | HP: 1/23 [orc/+0 dagger of speed (3)]
    23 | D:5      | Slain by an orc

Illustrated notes

Levels and vault maps discovered:
D:5:      layout_gridville, st_stairs_12, chequers_decorated_corner,
          corexii_item_surrounded_by_moat, chequers_serial_rivers_small_b,
          amcnicky_mini_corridor_feature, uniq_prince_ribbit1

Skill      XL: | |
---------------+-+-----
Stealth        | |  9.5
Fighting       | |  6.4
Short Blades   | |  4.4
Dodging        | |  4.4

Action                   || total
-------------------------++-------
Melee: Short sword       ||    11
       Bite              ||     1
Armor: Leather armour    ||     1
Dodge: Dodged            ||    10

Table legend: (Time is in decaauts)
 A = Elapsed time spent in this place.
 B = Non-inter-level travel time spent in this place.
 C = Inter-level travel time spent in this place.
 D = Time resting spent in this place.
 E = Time spent auto-exploring this place.
 F = Levels seen in this place.
 G = Mean time per level.
                   A        B        C        D        E       F      G
               +--------+--------+--------+--------+--------+-----+--------+
         Total |     21 |     21 |      0 |      0 |      7 |   1 |   21.0 |
       Dungeon |     21 |     21 |      0 |      0 |      7 |   1 |   21.0 |
               +--------+--------+--------+--------+--------+-----+--------+

Top non-repeatable levels by time:
     D:5: 21 daAuts
